 Dungeon Crawl Stone Soup version 0.25.1-2-g60ff931df9 (webtiles) character file.

Game seed: 15152864509827080835

107 Fymir27 the Vexing (level 4, -3/19 HPs)
             Began as a Felid Enchanter on Sept 16, 2020.
             Was an Initiate of Wu Jian.
             Killed from afar by an orc wizard (8 damage)
             ... with a puff of flame
             ... on level 4 of the Dungeon.
             The game lasted 00:46:54 (4921 turns).

Fymir27 the Vexing (Felid Enchanter)                Turns: 4921, Time: 00:46:55

Health: -3/19      AC:  1    Str:  4    XL:     4   Next: 57%
Magic:  9/17       EV: 19    Int: 24    God:    Wu Jian [......]
Gold:   268        SH:  0    Dex: 16    Spells: 1/7 levels left
                                        Lives:  0   Deaths: 1

rFire    . . .     SeeInvis +     - Unarmed
rCold    . . .     Gourm    .   (shield unavailable)
rNeg     . . .     Faith    .   (armour unavailable)
rPois    .         Spirit   .   (helmet unavailable)
rElec    .         Reflect  .   (cloak unavailable)
rCorr    .         Harm     .   (gloves unavailable)
MR       .....                  (boots unavailable)
Stlth    +++.......             (no amulet)
HPRegen  0.06/turn              m - +6 ring of intelligence
MPRegen  0.15/turn              q - ring of magical power

@: quick
A: very small, no armour, no weapons or thrown items, stealth, claws 1, fangs 3,
see invisible, carnivore, speed 1, shaggy fur 1, slow metabolism 1, sharp paws
a: Renounce Religion


You were on level 4 of the Dungeon.
You worshipped Wu Jian.
Wu Jian was noncommittal.
You were not hungry.

You visited 1 branch of the dungeon, and saw 4 of its levels.

You collected 268 gold pieces.

Inventory:

Jewellery
 m - a +6 ring of intelligence (left paw)
 q - a ring of magical power (right paw)
 r - an uncursed ring of positive energy
Wands
 p - a wand of digging (4)
Scrolls
 c - 3 scrolls of remove curse
 e - 2 scrolls of teleportation
 f - a scroll of random uselessness {unknown}
 i - a scroll of immolation {unknown}
 j - a scroll of amnesia {unknown}
 k - a scroll of magic mapping {unknown}
 n - a scroll of noise {unknown}
Potions
 a - a potion of stabbing
 d - 4 potions of brilliance
 g - a potion of ambrosia {unknown}
 h - a potion of experience {unknown}
 l - a potion of curing
 o - a potion of haste {unknown}
 s - a potion of flight {unknown}
Comestibles
 b - 9 rations


   Skills:
 * Level 1.4 Fighting
 + Level 3.9 Dodging
 + Level 5.0 Stealth
 - Level 2.3 Unarmed Combat
 - Level 2.0 Spellcasting
 + Level 6.0 Hexes
 + Level 1.0 Ice Magic


You had one spell level left.
You knew the following spells:

 Your Spells              Type           Power        Failure   Level  Hunger
a - Corona                Hex            ####...      1%          1    #......
b - Ensorcelled Hibernat  Hex/Ice        ###...       4%          2    ##.....
c - Tukima's Dance        Hex            ####....     3%          3    ###....

Your spell library contained the following spells:

 Spells                   Type           Power        Failure   Level  Hunger
 Confusing Touch          Hex            ####....     3%          3    ###....
 Dazzling Flash           Conj/Hex       ###...       11%         3    ###....
 Gell's Gravitas          Tloc           #.........   34%         3    ###....
 Metabolic Englaciation   Hex/Ice        ###.......   61%         5    ######.
 Yara's Violent Unravell  Hex/Tmut       ###.......   67%         5    ######.
 Petrify                  Tmut/Erth      #.......     75%         4    #####..


Dungeon Overview and Level Annotations

Branches:
Dungeon (4/15)
 Temple: D:4-7

Altars:
Ru
Wu Jian

Annotations:
D:2 Sigmund
D:3 exclusion: downstairs


Innate Abilities, Weirdness & Mutations

You cannot wear armour.
You are incapable of wielding weapons or throwing items.
Your paws allow you to move quietly. (Stealth)
You have sharp claws.
You have razor-sharp teeth.
You have supernaturally acute eyesight. (SInv)
You are carnivorous and can eat meat at any time.
You cover ground quickly.
You are covered in fur. (AC +1)
You have a slow metabolism.
Your sharp claws are effective at attacking unaware monsters.


Message History

The orc wizard looks drowsy...
The orc barely misses you.
The helpless orc wizard fails to defend itself.
You claw the orc wizard!
The orc wizard is almost dead.
The orc wizard casts a cantrip, but nothing happens.
The orc barely misses you.
You barely miss the orc wizard.
The orc wizard is almost dead.
The orc wizard hits you with a +0 dagger.
The orc completely misses you.
You see here an orc corpse.
You lunge at the orc wizard.
You scratch the orc wizard.
The orc wizard is almost dead.
The orc wizard points at you and mumbles some strange words.
The puff of flame hits you!
* * * LOW HITPOINT WARNING * * *
You see here an orc corpse.
The orc wizard points at you and mumbles some strange words.
The puff of flame hits you!
You die...

o###.#...#.###...# ..#####...
.#..o........#.#.# #.#.
.###.#.(.#.###...# #.#.
.....##.##..o..### ..#.
..#.........#.## ####รท
......#.#.....# #.
##..#.#.#.#..## #.
......###....###################.
###.#.....##.oo.@.......##.......
###.#..#.########.#####.##.###.#.
....#....# #.# #.##.###.#.
#......># #.# #......#.#.
###.#.##.# #.# #.##.#.....
......##.# #.##########.####
########.# #.....#.......... #.#
###..##.####.#### #.#
#.###.#.......#


You could see an orc wizard and an orc.

Vanquished Creatures
  An orc priest (D:4)
  A bullfrog skeleton (D:4)
  4 adders
  An ooze (D:1)
  An adder skeleton (D:4)
  2 dart slugs
  A leopard gecko (D:3)
  3 orcs (D:4)
  11 bats
  2 giant cockroaches
  10 goblins
  7 hobgoblins
  4 jackals (D:2)
  3 quokkas
  3 ball pythons
  6 frilled lizards
  5 kobolds
  6 rats
71 creatures vanquished.

Notes
Turn   | Place    | Note
-------+----------+-------------------------------------------
     0 | D:1      | Fymir27 the Felid Enchanter began the quest for the Orb.
     0 | D:1      | Reached XP level 1. HP: 7/7 MP: 4/4
   158 | D:1      | Reached XP level 2. HP: 11/11 MP: 4/6
   366 | D:2      | Learned a level 2 spell: Ensorcelled Hibernation
   754 | D:1      | Reached skill level 5 in Hexes
  1463 | D:2      | Reached XP level 3. HP: 14/14 MP: 2/7
  1557 | D:2      | Noticed Sigmund
  1753 | D:2      | Learned a level 3 spell: Tukima's Dance
  2832 | D:4      | Found a sacrificial altar of Ru.
  3040 | D:3      | Reached XP level 4. HP: 18/18 MP: 8/8
  3807 | D:4      | Reached skill level 1 in Fighting
  3807 | D:4      | Reached skill level 6 in Hexes
  4005 | D:4      | Noticed an ogre
  4085 | D:2      | Reached XP level 5. HP: 21/22 MP: 9/9
  4380 | D:2      | Found an ornate altar of the Wu Jian Council.
  4388 | D:2      | Became a worshipper of the Wu Jian Council
  4536 | D:2      | Killed from afar by Sigmund
  4537 | D:2      | Reached XP level 4. HP: -2/19 MP: 14/17
  4862 | D:4      | Reached skill level 5 in Stealth
  4862 | D:4      | Reached skill level 1 in Ice Magic
  4921 | D:4      | Killed from afar by an orc wizard

Illustrated notes

Levels and vault maps discovered:
D:1:      lemuel_arrival_rhombus, layout_loops_ring
D:2:      layout_basic, marbit_many_paths, first_ration, uniq_sigmund
D:3:      minmay_wonky_spiral, layout_basic, dk_noncrumbling_3
D:4:      layout_loops_corners, nicolae_ru_sacrificial_ziggurat,
          minmay_fractal_squares_5

Skill      XL: |  1  2  3  4 |
---------------+-------------+-----
Dodging        | 3 |  3.9
Hexes          | 5 6 |  6.0
Unarmed Combat | 2 |  2.3
Fighting       | 1 |  1.4
Stealth        | 5 |  5.0
Ice Magic      | 1 |  1.0
Spellcasting   | |  2.0

Action                   |  1- 3 |  4- 6 || total
-------------------------+-------+-------++-------
Melee: Unarmed           |    85 |    54 ||   139
       Bite              |     2 |     1 ||     3
 Cast: Corona            |     3 |     2 ||     5
       Ensorcelled Hiber |    30 |    36 ||    66
Invok: Lunge             |       |     5 ||     5
  Use: Scroll            |     2 |     3 ||     5
 Stab: Sleeping          |    39 |    20 ||    59
       Distracted        |     1 |       ||     1
  Eat: Chunk             |    13 |     4 ||    17
Armor: Skin              |     9 |     3 ||    12
Dodge: Dodged            |    69 |    50 ||   119
